 Dungeon Crawl Stone Soup version 0.29-a0-275-g389c0b56f3 (webtiles) character file.

Game seed: 4199548748520349100

163 siradein the Shooter (level 5, -2/46 HPs)
             Began as a Minotaur Hunter on Mar 10, 2022.
             Killed from afar by an orc wizard (3 damage)
             ... with a magic dart
             ... on level 4 of the Dungeon.
             The game lasted 00:04:28 (2456 turns).

siradein the Shooter (Minotaur Hunter)              Turns: 2456, Time: 00:04:30

Health: -2/46      AC:  5    Str: 23    XL:     5   Next: 20%
Magic:  4/4        EV: 12    Int:  8    God:
Gold:   182        SH:  0    Dex: 12    Spells: 4/4 levels left

rFire   . . .      SeeInvis .   k - +0 triple crossbow
rCold   + . .      Faith    .   (shield currently unavailable)
rNeg    . . .      Spirit   .   h - +0 ring mail
rPois   .          Reflect  .   (helmet restricted)
rElec   .          Harm     .   (no cloak)
rCorr   .          Rampage  .   (no gloves)
Will    .....                   (no boots)
Stlth   +.........              (no amulet)
HPRegen 0.15/turn               j - ring of protection from cold
MPRegen 0.09/turn               o - +6 ring of strength

@: no status effects
A: horns 2, retaliatory headbutt
a: no special abilities


You were on level 4 of the Dungeon.
You visited 1 branch of the dungeon, and saw 6 of its levels.

You collected 182 gold pieces.

Inventory:

Hand Weapons
 a - a +1 shortbow
 d - a +1 vampiric short sword
 k - a +0 triple crossbow (weapon)
Armour
 h - a +0 ring mail (worn)
 q - a +0 chain mail
Jewellery
 i - an amulet of magic regeneration
 j - a ring of protection from cold (left hand)
 o - a +6 ring of strength (right hand)
 s - an amulet of reflection
Wands
 p - a wand of charming (3)
 r - a wand of mindburst (15)
Scrolls
 b - a scroll of torment {unknown}
 c - 2 scrolls of immolation
 f - a scroll of teleportation {unknown}
 g - a scroll of magic mapping {unknown}
 n - a scroll of identify {unknown}
Potions
 m - a potion of curing {unknown}


   Skills:
 + Level 3.8 Fighting
 - Level 5.1 Bows
 * Level 1.9 Crossbows
 + Level 2.0 Armour
 + Level 3.4 Dodging
 - Level 0.7 Stealth


You had 4 spell levels left.
You didn't know any spells.
Your spell library contained the following spells:

 Spells                   Type           Power      Damage    Failure   Level
 Summon Small Mammal      Summ           0%         N/A       56%         1
 Call Canine Familiar     Summ           0%         N/A       90%         3
 Summon Guardian Golem    Hex/Summ       0%         N/A       90%         3


Dungeon Overview and Level Annotations

Branches:
Dungeon (6/15)
 Temple: D:4-7

Altars:

Annotations:
D:6 Eustachio, Menkaure, Pikel


Innate Abilities, Weirdness & Mutations

You have a pair of horns on your head.
You reflexively headbutt those who attack you in melee.


Message History

You shoot a bolt. The bolt hits the dart slug!
You kill the dart slug!
The orc wizard casts a spell at you. The puff of flame misses you.
The orc wizard closely misses you. You furiously retaliate!
You headbutt the orc wizard.
The orc wizard hits you but does no damage.
Shoot: k) +0 triple crossbow
Press: ? - help, Q - select action, (/) - cycle Shift-Dir - straight line, f - orc wizard
Aim: an orc wizard, wielding a +0 dagger and wearing a +0 robe (moderately wounded, 40% to hit)
You shoot a bolt. The bolt closely misses the orc wizard.
The bolt barely misses the goblin.
The orc wizard hits you but does no damage.
The orc wizard barely misses you.
Shoot: k) +0 triple crossbow
Press: ? - help, Q - select action, (/) - cycle Shift-Dir - straight line, f/p - orc wizard
Aim: an orc wizard, wielding a +0 dagger and wearing a +0 robe (lightly wounded, 40% to hit)
You shoot a bolt.
The bolt completely misses the orc wizard.
The bolt misses the goblin.
The orc wizard hits you but does no damage.
The orc wizard misses you.
Shoot: k) +0 triple crossbow
Press: ? - help, Q - select action, (/) - cycle Shift-Dir - straight line, f/p - orc wizard
Aim: an orc wizard, wielding a +0 dagger and wearing a +0 robe (lightly wounded, 40% to hit)
You shoot a bolt. The bolt misses the orc wizard.
The bolt hits the goblin!
You kill the goblin!
The orc wizard hits you with a +0 dagger.
* * * LOW HITPOINT WARNING * * *
The orc wizard hits you but does no damage.
Shoot: k) +0 triple crossbow
Press: ? - help, Q - select action, (/) - cycle Shift-Dir - straight line, f/p - orc wizard
Aim: an orc wizard, wielding a +0 dagger and wearing a +0 robe (lightly wounded, 40% to hit)
You shoot a bolt. The bolt closely misses the orc wizard.
The orc wizard hits you but does no damage.
The orc wizard gestures at you while chanting.
The magic dart hits you.
* * * LOW HITPOINT WARNING * * *
The orc wizard casts a spell at you. The magic dart hits you.
You die...

..(. .... #..#
..# .)# #.# #†#
#@# #o# #)# #.#
#)####
##....#.###
#######..........
#.......#####.##.
#.....#.# #


You could see an orc wizard.

Vanquished Creatures
  8 adders
  2 worms
  A dart slug (D:4)
  9 orcs
  2 ball pythons (D:1)
  2 endoplasms (D:1)
  5 giant cockroaches
  7 goblins
  5 hobgoblins (D:1)
  7 jackals
  2 quokkas
  6 bats
  3 frilled lizards
  6 kobolds
  5 rats
70 creatures vanquished.

Notes
Turn   | Place    | Note
-------+----------+-------------------------------------------
     0 | D:1      | siradein the Minotaur Hunter began the quest for the Orb.
     0 | D:1      | Reached XP level 1. HP: 18/18 MP: 0/0
   208 | D:1      | Reached XP level 2. HP: 24/25 MP: 1/1
   660 | D:2      | Reached XP level 3. HP: 30/31 MP: 2/2
   790 | D:2      | Found a faded altar of an unknown god.
   837 | D:2      | Reached skill level 5 in Bows
   837 | D:2      | Reached skill level 1 in Armour
  1079 | D:2      | Reached XP level 4. HP: 32/38 MP: 3/3
  1858 | D:3      | Reached skill level 1 in Crossbows
  2273 | D:3      | You fall into a shaft and drop 3 floors!
  2275 | D:6      | Noticed Pikel
  2275 | D:6      | Noticed a lemure
  2275 | D:6      | Noticed a lemure
  2275 | D:6      | Noticed a lemure
  2275 | D:6      | Noticed a lemure
  2285 | D:6      | Noticed Eustachio
  2288 | D:6      | Noticed Menkaure
  2292 | D:6      | Noticed a water moccasin
  2293 | D:5      | Entered Level 5 of the Dungeon
  2425 | D:4      | Reached XP level 5. HP: 10/46 MP: 4/4
  2425 | D:4      | HP: 2/46 [adder (2)]
  2456 | D:4      | HP: 1/46 [orc wizard/magic dart (5)]
  2456 | D:4      | Killed from afar by an orc wizard

Illustrated notes

Levels and vault maps discovered:
D:1:      giann_forest_graveyard, layout_basic
D:2:      layout_basic, shapermc_ecumenical_altar_ellora
D:3:      layout_basic
D:4:      layout_loops_corners, mainiacjoe_overflow_catwalk
D:5:      layout_rooms, grunt_ministairs_10, uniq_edmund
D:6:      layout_cave_pools, serial_bayou_pond_d, uniq_menkaure, uniq_pikel,
          uniq_eustachio

Skill      XL: |  1  2  3  4  5 |
---------------+----------------+-----
Fighting       | 3 |  3.8
Bows           | 5 |  5.1
Armour         | 1 2 |  2.0
Dodging        | 3 |  3.4
Crossbows      | 1 |  1.9
Stealth        | |  0.7

Action                   |  1- 3 |  4- 6 || total
-------------------------+-------+-------++-------
Melee: Short sword       |     2 |       ||     2
 Fire: Shortbow          |   104 |       ||   104
       Triple crossbow   |       |    71 ||    71
  Use: Potion            |       |     2 ||     2
Armor: Leather armour    |    10 |       ||    10
       Ring mail         |     9 |    26 ||    35
       Skin              |       |    96 ||    96
Dodge: Dodged            |    43 |    59 ||   102

Table legend: (Time is in decaauts)
 A = Elapsed time spent in this place.
 B = Non-inter-level travel time spent in this place.
 C = Inter-level travel time spent in this place.
 D = Time resting spent in this place.
 E = Time spent auto-exploring this place.
 F = Levels seen in this place.
 G = Mean time per level.
                   A        B        C        D        E       F      G
               +--------+--------+--------+--------+--------+-----+--------+
         Total |   2576 |   2437 |    139 |      0 |   1831 |   6 |  429.3 |
       Dungeon |   2576 |   2437 |    139 |      0 |   1831 |   6 |  429.3 |
               +--------+--------+--------+--------+--------+-----+--------+

Top non-repeatable levels by time:
     D:2: 1100 daAuts
     D:1: 662 daAuts
     D:3: 585 daAuts
     D:4: 198 daAuts
     D:6: 19 daAuts
     D:5: 9 daAuts
